 Dungeon Crawl Stone Soup version 0.32-a0-986-ga09f62fbf4 (webtiles) character file.

Game seed: 7515919366727722568

35 GiantSquids the Changeling (level 3, -3/23 HPs)
             Began as an Octopode Shapeshifter on Apr 22, 2024.
             Slain by a gnoll
             ... wielding a +1 heavy spear
              (9 damage)
             ... on level 1 of the Dungeon.
             The game lasted 00:01:51 (883 turns).

GiantSquids the Changeling (Octopode Shapeshifter)   Turns: 883, Time: 00:01:52

Health: -3/23      AC:  1    Str: 15    XL:     3   Next: 35%
Magic:  3/3        EV: 12    Int: 12    God:
Gold:   61         SH:  0    Dex: 11    Spells: 2/2 levels left

rFire   . .          .
                       - Unarmed
rCold   . . .        (no shield)
rNeg    . . .        (helmet currently unavailable)
rPois   .            (no amulet)
rElec   .            (no ring)
rCorr   .            (no ring)
SInv    .            (no ring)
Will    .....        (no ring)
Stlth   +++          (no ring)
HPRegen 0.23/turn    (no ring)
MPRegen 0.08/turn    (no ring)
                     (no ring)

%: no passive effects
@: beast-form
A: beast (slay +2), almost no armour, amphibious, 8 rings, camouflage 1,
gelatinous body 1, (nimble swimmer 1), tentacles
a: Begin Untransformation


You were on level 1 of the Dungeon.
You were a hulking beast.
You visited 1 branch of the dungeon, and saw 1 of its levels.

You collected 61 gold pieces.

Inventory:

Missiles
 f - 6 javelins (quivered)
Talismans
 b - a beast talisman (active)
 c - a flux talisman
Scrolls
 e - a scroll of blinking {unknown}
 g - a scroll of torment {unknown}
 h - a scroll of enchant armour
 j - a scroll of fear {unknown}
Potions
 a - a potion of lignification
 d - a potion of haste {unknown}
 i - a potion of invisibility {unknown}
 k - a potion of attraction {unknown}


   Skills:
 - Level 1.0 Fighting
 - Level 2.0 Dodging
 + Level 2.2 Stealth
 - Level 3.0 Unarmed Combat
 * Level 3.8 Shapeshifting


You had 2 spell levels left.
You didn't know any spells.
Your spell library was empty.

Dungeon Overview and Level Annotations

Branches:
Dungeon (1/15)

Altars:


Innate Abilities, Weirdness & Mutations

You are a hulking beast.
Your limbs bulge with bestial killing power. (Slay +2)
You cannot wear most types of armour.
You are amphibious.
You can wear up to eight rings at the same time.
Your skin changes colour to match your surroundings (Stealth+).
Your rubbery body absorbs attacks. (AC +1, EV +1)
((You are camouflaged when in or above water. (Stealth+)))
You have tentacles for arms and can constrict up to eight enemies at once.


Message History

The endoplasm quivers.
As you read the scroll labelled ZUCHIASAIF, it crumbles to dust.
It is a scroll of enchant armour.
You aren't carrying any armour which can be enchanted further.
You open the large door. The gnoll barely misses you.
The gnoll attacks as it pursues you! The gnoll hits you with a +0 club.
The bat hits you. The bat misses you. The bat closely misses you. x2
The bat hits you but does no damage. The bat closely misses you.
The bat misses you. The bat hits you. The bat closely misses you.
The bat hits you but does no damage. The bat misses you.
The bat hits you but does no damage. The bat hits you.
The bat attacks as it pursues you! The bat closely misses you.
The bat completely misses you.
You barely miss the bat. Your grab misses the bat. Your squeeze misses the bat.
The bat hits you. The bat barely misses you.
You bludgeon the bat!
You kill the bat!
The bat hits you but does no damage. The bat barely misses you.
The bat completely misses you.
You see here a bat corpse.
You barely miss the gnoll. You grab the gnoll. You constrict the gnoll.
The gnoll barely misses you.
You tentacle-slap the gnoll. You squeeze the gnoll!
You kill the gnoll!
The bat barely misses you. The bat hits you.
You tentacle-slap the bat.
You kill the bat!
The gnoll hits you from afar with a +1 heavy spear!
Ouch! That really hurt!
* * * LOW HITPOINT WARNING * * *
Things that are here:
a +0 club; a gnoll corpse You tentacle-slap the gnoll.
You grab the gnoll.
The gnoll is lightly wounded.
You constrict the gnoll.
The gnoll hits you with a +1 heavy spear!
You die...

.....# ###...#....#####.....♣....
.....###.....#...g#.#.ß......♣♣..
.........#...#..gg'gg............
#......###...#..g.ggg......♣♣.♣♣.
#......# #...#..⌠g#.#JßJgJ......♣
#......# #...#..g.#####.......♣.♣
#......# #...#.... ##..♣♣....♣♣.
#......###...########.g♣...♣....♣
..÷.....##......hg.†.......♣♣....
........###############♣♣♣♣♣♣♣♣♣♣
........# ############ ........#
#........... ........#
#.#..######. ........#
#.#......... ........#
#.###.###### ######### #.....#
#######


You could see 2 gnolls.

Vanquished Creatures
  A gnoll (D:1)
  2 dart slugs (D:1)
  3 endoplasms (D:1)
  2 goblins (D:1)
  3 hobgoblins (D:1)
  2 kobolds (D:1)
  A quokka (D:1)
  A ball python (D:1)
  2 bats (D:1)
  5 rats (D:1)
22 creatures vanquished.

Notes
Turn   | Place    | Note
-------+----------+-------------------------------------------
     0 | D:1      | GiantSquids the Octopode Shapeshifter began the quest for
                  | the Orb.
     0 | D:1      | Reached XP level 1. HP: 13/13 MP: 1/1
    59 | D:1      | Found a large runed translucent door.
    59 | D:1      | Found a large runed translucent door.
    64 | D:1      | Reached skill level 1 in Stealth
    64 | D:1      | Reached XP level 2. HP: 18/18 MP: 2/2
   430 | D:1      | Reached XP level 3. HP: 21/23 MP: 3/3
   883 | D:1      | Slain by a gnoll

Illustrated notes

Levels and vault maps discovered:
D:1:      erik_arrival_cave_to_civilisation [erik_arrival_cave_to_temple],
          layout_basic

Skill      XL: |  1  2 |
---------------+-------+-----
Stealth        | 1 2 |  2.2
Fighting       | |  1.0
Dodging        | |  2.0
Unarmed Combat | |  3.0
Shapeshifting  | |  3.8

Action                     || total
---------------------------++-------
  Melee: Unarmed           ||    37
         Constrict         ||    11
         Tentacles         ||     6
         Punch             ||     2
    Use: Scroll            ||     1
   Stab: Sleeping          ||     3
 Armour: Skin              ||    25
  Dodge: Dodged            ||    26

Table legend: (Time is in decaauts)
 A = Elapsed time spent in this place.
 B = Non-inter-level travel time spent in this place.
 C = Inter-level travel time spent in this place.
 D = Time resting spent in this place.
 E = Time spent auto-exploring this place.
 F = Levels seen in this place.
 G = Mean time per level.
                   A        B        C        D        E       F      G
               +--------+--------+--------+--------+--------+-----+--------+
         Total |    880 |    880 |      0 |      0 |    693 |   1 |  880.0 |
       Dungeon |    880 |    880 |      0 |      0 |    693 |   1 |  880.0 |
               +--------+--------+--------+--------+--------+-----+--------+

Top non-repeatable levels by time:
     D:1: 880 daAuts
